 Dungeon Crawl Stone Soup version 0.28-a0-983-g1de4e0787c (webtiles) character file.

Game seed: 9605291859397663952

57 Glokmah the Ruffian (level 4, 0/40 HPs)
             Began as a Ghoul Monk on Dec 3, 2021.
             Slain by Pargi (7 damage)
             ... in a sewer.
             The game lasted 00:03:17 (1852 turns).

Glokmah the Ruffian (Ghoul Monk)                    Turns: 1852, Time: 00:03:17

Health: 0/40       AC:  8    Str: 16    XL:     4   Next: 0%
Magic:  3/3        EV:  7    Int:  5    God:
Gold:   122        SH:  0    Dex: 11    Spells: 3/3 levels left

rFire   + . .      SeeInvis .     - Unarmed
rCold   + . .      Faith    .   (no shield)
rNeg    + + +      Spirit   .   a - +0 chain mail
rPois   ∞          Reflect  .   (no helmet)
rElec   .          Harm     .   (no cloak)
rCorr   .          Rampage  .   (no gloves)
Will    .....                   (no boots)
Stlth   ..........              (no amulet)
HPRegen 0.00/turn               h - ring of protection from fire
MPRegen 0.08/turn               j - ring of wizardry

@: inhibited regen, hasted, slow
A: claws 1, cold resistance 1, negative energy resistance 3, inhibited
regeneration, torment resistance 2
a: no special abilities


You were in a sewer.
You visited 1 branch of the dungeon, and saw 3 of its levels.
You also visited: Sewer.

You collected 122 gold pieces.

Inventory:

Armour
 a - a +0 chain mail (worn)
Jewellery
 h - a ring of protection from fire (left claw)
 j - a ring of wizardry (right claw)
Scrolls
 b - 2 scrolls of identify
 e - 2 scrolls of holy word
Potions
 d - 3 potions of curing
 i - a potion of heal wounds {unknown}


   Skills:
 + Level 4.0 Fighting
 - Level 2.6 Dodging
 - Level 2.1 Stealth
 * Level 4.7 Unarmed Combat


You had 3 spell levels left.
You didn't know any spells.
Your spell library contained the following spells:

 Spells                   Type           Power      Damage    Failure   Level
 Petrify                  Tmut/Erth      0%         N/A       100%        4
 Metabolic Englaciation   Hex/Ice        0%         N/A       100%        5
 Statue Form              Tmut/Erth      Unusable   N/A       N/A         6

Dungeon Overview and Level Annotations

Branches:
Dungeon (3/15)              Sewer (1/1)

Altars:

Annotations:
Sewer Pargi


Innate Abilities, Weirdness & Mutations

You thrive by killing the living.
You are immune to poison.
You have sharp fingernails.
Your flesh is cold resistant. (rC+)
You are immune to negative energy. (rN+++)
You do not regenerate when monsters are visible.
You are immune to unholy pain and torment.


Message History

Pargi is moderately wounded.
Your unstable footing causes you to fumble your attack.
Pargi bites you but does no damage. Pargi claws you but does no damage. x2
You scratch Pargi.
Pargi is heavily wounded.
Pargi barely misses you. Pargi claws you. Pargi claws you but does no damage.
You barely miss Pargi.
Pargi is moderately wounded.
Pargi bites you. Pargi claws you but does no damage. x2
Your unstable footing causes you to fumble your attack.
Pargi bites you but does no damage. Pargi claws you. Pargi barely misses you.
You scratch Pargi but do no damage.
Pargi is moderately wounded.
Pargi bites you. Pargi claws you but does no damage. Pargi barely misses you.
Your unstable footing causes you to fumble your attack.
Pargi bites you. Pargi claws you but does no damage. x2
Your unstable footing causes you to fumble your attack.
Pargi barely misses you. Pargi closely misses you. Pargi barely misses you.
You scratch Pargi.
Pargi is moderately wounded.
Pargi bites you!
* * * LOW HITPOINT WARNING * * *
Pargi claws you but does no damage. x2
You claw Pargi!
Pargi is severely wounded.
Pargi bites you but does no damage. Pargi claws you but does no damage. x2
You closely miss Pargi.
Pargi is heavily wounded.
Pargi barely misses you. Pargi claws you.
* * * LOW HITPOINT WARNING * * *
Pargi claws you but does no damage.
Sorry, you're not good enough to have a special ability.
You closely miss Pargi.
Pargi is heavily wounded.
Pargi bites you but does no damage. Pargi claws you.
* * * LOW HITPOINT WARNING * * *
Pargi claws you.
* * * LOW HITPOINT WARNING * * *
It was a potion of haste.
You feel yourself speed up. Pargi bites you!
You die...

≈≈≈≈≈ ≈≈≈≈≈≈≈
≈≈≈≈≈≈≈ ≈≈≈≈≈≈≈ #
##≈≈≈≈≈≈≈ #
#≈≈≈≈≈≈≈≈ #
!#######≈≈≈≈≈≈≈≈ #
≈.....T@≈≈≈≈≈≈≈≈
!#######≈≈≈≈≈≈≈≈
#≈≈≈≈≈≈≈≈
##≈≈≈≈≈≈≈≈
#..≈≈≈≈≈≈≈
###≈≈≈≈≈≈≈≈≈ ###
###≈≈≈≈≈≈≈≈≈≈#
≈≈###
####≈≈≈≈≈≈≈≈≈≈≈≈#
≈≈#.#
###.≈.≈≈≈≈≈≈≈≈≈≈≈≈#


You could see Pargi.

Vanquished Creatures
  An adder (D:2)
  A dart slug (D:1)
  An endoplasm (D:1)
  3 giant cockroaches
  3 goblins
  3 hobgoblins
  4 jackals (D:1)
  2 quokkas (D:2)
  5 ball pythons
  6 bats
  7 frilled lizards
  6 kobolds
  3 rats
45 creatures vanquished.

Notes
Turn   | Place    | Note
-------+----------+-------------------------------------------
     0 | D:1      | Glokmah the Ghoul Monk began the quest for the Orb.
     0 | D:1      | Reached XP level 1. HP: 19/19 MP: 0/0
   206 | D:1      | Reached XP level 2. HP: 26/26 MP: 1/1
   506 | D:1      | Reached XP level 3. HP: 26/33 MP: 2/2
  1065 | D:2      | Found a faded altar of an unknown god.
  1709 | D:3      | Found a glowing drain.
  1730 | Sewer    | Entered a sewer
  1824 | Sewer    | Reached XP level 4. HP: 40/40 MP: 3/3
  1834 | Sewer    | Noticed Pargi
  1852 | Sewer    | Slain by Pargi

Illustrated notes

Levels and vault maps discovered:
D:1:      giann_forest_graveyard, layout_rooms
D:2:      layout_basic, ebering_ecumenical_altar_hall
D:3:      layout_loops_ring, lemuel_crystal_altar, serial_shops,
          nicolae_shop_advertising_works [nicolae_subvault_shop_adworks],
          cheibrodos_sewer_entry_drain, roderic_lattice_a,
          uniq_crazy_yiuf_cottage
Sewer:    sewer_co_pargi_island

Skill      XL: |  1  2  3 |
---------------+----------+-----
Unarmed Combat | 4 |  4.7
Fighting       | 4 |  4.0
Dodging        | |  2.6
Stealth        | |  2.1

Action                   |  1- 3 |  4- 6 || total
-------------------------+-------+-------++-------
Melee: Unarmed           |   159 |    16 ||   175
  Use: Scroll            |     4 |       ||     4
       Potion            |       |     1 ||     1
Armor: Robe              |     4 |       ||     4
       Ring mail         |    31 |       ||    31
       Scale mail        |     6 |       ||     6
       Chain mail        |    78 |    26 ||   104
Dodge: Dodged            |    72 |    10 ||    82

Table legend: (Time is in decaauts)
 A = Elapsed time spent in this place.
 B = Non-inter-level travel time spent in this place.
 C = Inter-level travel time spent in this place.
 D = Time resting spent in this place.
 E = Time spent auto-exploring this place.
 F = Levels seen in this place.
 G = Mean time per level.
                   A        B        C        D        E       F      G
               +--------+--------+--------+--------+--------+-----+--------+
         Total |   1851 |   1757 |     94 |    109 |   1190 |   4 |  462.8 |
       Dungeon |   1720 |   1626 |     94 |    109 |   1131 |   3 |  573.3 |
         Sewer |    130 |    130 |      0 |      0 |     59 |   1 |  130.0 |
               +--------+--------+--------+--------+--------+-----+--------+

Top non-repeatable levels by time:
     D:2: 886 daAuts
     D:1: 805 daAuts
   Sewer: 130 daAuts
     D:3: 28 daAuts
